AoeStats
← Just Hhiji

Arena

509234691Analyzed
4v4 RM · 5d ago on Sep 26, 2026· 40m 2s· 8 players
Game mode
Random Map
Map size
Large (8 player)
Population
200
Speed
Normal
Resources
Standard
Victory
Conquest
Starting age
Dark Age
Ending age
Imperial Age
RankedLock teamsTeams togetherTeam positionsShared explorationLock speedFull tech treeHidden civsTurbo modeCheats
Victory
Defeat
🇹🇼 Italians · Taiwan
1196
+11
🇨🇳 Saracens · China
1152
+13
🇹🇼 Burgundians · Taiwan
1128
+14
🇨🇳 Mongols · China
1097
+15
🇦🇷 Maya · Argentina
1125
-14
🇦🇷 Franks · Argentina
1075
-13
🇵🇪 Teutons · Peru
1069
-13
🇧🇷 Lithuanians · Brazil
1067
-13
bubu09
11:15 Feudal Age
10:20 Double-Bit Axe
15:16 Castle Age
14:41 Bow Saw
15:18 Gold Mining
17:21 Wheelbarrow
23:14 Husbandry
23:04 Cavalier
24:04 Forging
23:46 Horse Collar
25:26 Loom
27:50 Two-Man Saw
30:20 Scale Barding Armor
30:51 Iron Casting
33:05 Chain Barding Armor
36:49 Burgundian Vineyards
40:23 Gold Shaft Mining
RedScott
2:17 Loom
11:31 Feudal Age
15:55 Castle Age
14:30 Double-Bit Axe
15:37 Fletching
15:38 Horse Collar
19:12 Wheelbarrow
20:52 Stone Mining
22:31 Gold Mining
23:36 Crossbowman
24:18 Padded Archer Armor
27:12 Heavy Plow
28:43 Gold Shaft Mining
31:22 Imperial Age
29:00 Bodkin Arrow
29:55 Scale Barding Armor
31:43 Forging
31:41 Husbandry
31:52 Bloodlines
31:30 Arbalester
32:01 Elite Mameluke
33:00 Leather Archer Armor
33:18 Conscription
34:08 Iron Casting
34:57 Hand Cart
36:16 Blast Furnace
35:54 Bow Saw
36:56 Chain Barding Armor
36:41 Heavy Camel Rider
36:45 Light Cavalry
38:42 Two-Man Saw
38:40 Plate Barding Armor
39:10 Thumb Ring
古特
4:50 Loom
4:57 Loom
9:59 Feudal Age
15:26 Castle Age
13:33 Double-Bit Axe
16:52 Fletching
24:17 Imperial Age
22:49 Bodkin Arrow
33:08 Bracer
35:05 Ballistics
35:46 Chemistry
Franxx
11:17 Feudal Age
12:21 Double-Bit Axe
14:47 Castle Age
13:18 Stone Mining
13:20 Gold Mining
13:36 Horse Collar
15:52 Loom
21:32 Wheelbarrow
22:36 Heavy Plow
25:13 Stone Shaft Mining
25:54 Fletching
29:21 Imperial Age
27:17 Ballistics
27:28 Bow Saw
27:28 Padded Archer Armor
27:21 Town Watch
28:40 Gold Shaft Mining
28:27 Masonry
28:39 Bodkin Arrow
30:00 Hand Cart
30:12 Leather Archer Armor
31:05 Conscription
31:06 Forging
31:02 Scale Barding Armor
31:20 Bloodlines
31:10 Husbandry
30:31 Light Cavalry
32:24 Chemistry
32:27 Nomads
33:36 Thumb Ring
33:03 Hussar
33:38 Crossbowman
35:09 Chain Barding Armor
35:17 Siege Engineers
36:04 Iron Casting
35:29 Capped Ram
36:49 Town Patrol
36:51 Bracer
37:00 Siege Ram
38:59 Drill
40:00 Blast Furnace
Just Hhiji
11:34 Feudal Age
15:32 Castle Age
14:46 Town Watch
15:07 Double-Bit Axe
15:55 Stone Mining
17:41 Wheelbarrow
17:49 Fletching
19:14 Bow Saw
20:59 Loom
21:30 Hand Cart
23:40 Gold Mining
27:07 Forging
27:04 Scale Barding Armor
28:29 Husbandry
29:14 Iron Casting
36:28 Chain Barding Armor
36:24 Light Cavalry
Kingfallcon
0:55 Loom
9:42 Feudal Age
10:51 Horse Collar
10:57 Double-Bit Axe
19:02 Castle Age
19:03 Stone Mining
27:00 Wheelbarrow
28:10 Hand Cart
29:40 Heavy Plow
33:53 Imperial Age
32:38 Scale Mail Armor
32:49 Forging
33:08 Scale Barding Armor
33:05 Husbandry
34:12 Bow Saw
35:05 Chain Mail Armor
35:08 Elite Leitis
37:46 Bloodlines
36:57 Cavalier
38:55 Iron Casting
DanEz
0:34 Loom
11:19 Feudal Age
14:46 Castle Age
12:53 Stone Mining
12:55 Double-Bit Axe
12:51 Horse Collar
14:35 Stone Mining
21:17 Fletching
28:18 Imperial Age
26:43 Bow Saw
26:52 Gold Mining
27:47 Bodkin Arrow
28:27 Ballistics
29:04 Wheelbarrow
29:23 Conscription
29:11 Padded Archer Armor
32:20 Bracer
34:24 Chemistry
35:00 Hoardings
35:28 Elite Plumed Archer
37:01 Hand Cart
38:03 Masonry
39:11 Hand Cart
barbeytus
10:19 Feudal Age
15:44 Castle Age
14:06 Double-Bit Axe
16:53 Bow Saw
18:10 Horse Collar
27:42 Imperial Age
25:29 Pikeman
26:10 Squires
26:58 Heavy Plow
28:40 Fletching
30:06 Bodkin Arrow
31:00 Wheelbarrow
30:10 Town Watch
30:59 Ballistics
31:39 Chemistry
32:01 Two-Man Saw
31:11 Elite Skirmisher
32:06 Padded Archer Armor
32:19 Gold Mining
32:20 Stone Mining
31:56 Halberdier
33:50 Leather Archer Armor
34:23 Crenellations
33:53 Arrowslits
35:07 Ring Archer Armor
36:23 Masonry
Connection lost

Rejoining the realm…

Still unreachable

The connection could not be restored.

Session expired

The server has moved on; the page needs a fresh start.